 Dungeon Crawl Stone Soup version 0.22.1-1-ga44c0e5 (webtiles) character file.

53 wilfster70 the Chopper (level 3, -3/33 HPs)
             Began as a Hill Orc Monk on Sept 25, 2018.
             Was a Believer of Qazlal.
             Slain by Sigmund
             ... wielding a +0 scythe
              (6 damage)
             ... on level 2 of the Dungeon.
             The game lasted 00:05:07 (1898 turns).

wilfster70 the Chopper (Hill Orc Monk)              Turns: 1898, Time: 00:05:07

Health: -3/33      AC:  3    Str: 13    XL:     3   Next: 87%
Magic:  3/3        EV: 13    Int: 11    God:    Qazlal [**....]
Gold:   4          SH:  0    Dex: 13    Spells: 2/2 levels left

rFire    . . .     SeeInvis .   a - +0 hand axe
rCold    . . .     Gourm    .   (no shield)
rNeg     . . .     Faith    .   b - +0 robe
rPois    .         Spirit   .   (no helmet)
rElec    .         Reflect  .   i - +0 cloak
rCorr    .         Harm     .   (no gloves)
MR       .....                  (no boots)
Stlth    +.........             (no amulet)
HPRegen  0.11/turn              (no ring)
MPRegen  0.08/turn              (no ring)

@: confused
A: no striking features
a: Upheaval, Renounce Religion


You were on level 2 of the Dungeon.
You worshipped Qazlal.
Qazlal was pleased with you.
You were very hungry.

You visited 1 branch of the dungeon, and saw 2 of its levels.

You collected 4 gold pieces.

Inventory:

Hand Weapons
 a - a +0 hand axe (weapon)
Missiles
 j - 31 stones (quivered)
Armour
 b - a +0 robe (worn)
 i - a +0 cloak (worn)
Scrolls
 e - 8 scrolls of identify {unknown}
 g - a scroll of noise {unknown}
 h - a scroll of remove curse {unknown}
 k - a scroll of amnesia {unknown}
 m - a scroll of immolation {unknown}
Potions
 d - 2 potions of curing {unknown}
 l - a potion of ambrosia {unknown}
 n - a potion of heal wounds {unknown}
 o - a potion of lignification {unknown}
Comestibles
 c - 3 rations


   Skills:
 + Level 4.2 Fighting
 * Level 5.2 Axes
 + Level 1.5 Armour
 - Level 2.4 Dodging
 - Level 1.5 Stealth


You had 2 spell levels left.
You didn't know any spells.
Your spell library was empty.

Dungeon Overview and Level Annotations

Branches:
Dungeon (2/15)

Altars:
Qazlal

Annotations:
D:2 Sigmund


Message History

You open the door.
A puff of flame appears from out of thin air!
The puff of flame misses you.
Found 3 scrolls labeled ISMICAPHINOO.
There is an open door here.
Something hits you. Something barely misses you.
You closely miss something. You hit something.
You hear some strange, mumbled words.
You are confused.
You hear some strange, mumbled words.
You are more confused.
Something hits you!
You bump into the metal wall.
Something barely misses you.
You're too confused to move!
You bump into the metal wall.
Something hits you!
* * * LOW HITPOINT WARNING * * *
You hit something but do no damage. Something hits you.
You die...

.. ... ###########.##
#....$........ #####
###.###.###..#### #.÷.#
#...%.......#.... #...#
####.##{###......# #...#
#....#@...#...####
#...#####....#§...#....#
#............#...?#..#$########
#.....###....#....#..#.#.......
#..)#........#....#..#.........
#..>#######..######...##......÷
#...# ##...{...............
##### #.<#########........
##.## ##.......


There were no monsters in sight!

Vanquished Creatures
  2 adders (D:2)
  3 leopard geckos
  3 bats
  3 giant cockroaches (D:2)
  6 goblins (D:1)
  4 hobgoblins
  3 frilled lizards
  3 kobolds (D:1)
  2 rats
29 creatures vanquished.

Notes
Turn   | Place    | Note
-------+----------+-------------------------------------------
     0 | D:1      | wilfster70 the Hill Orc Monk began the quest for the Orb.
     0 | D:1      | Reached XP level 1. HP: 19/19 MP: 1/1
   202 | D:1      | Reached XP level 2. HP: 23/27 MP: 2/2
   558 | D:1      | Reached skill level 1 in Armour
  1255 | D:2      | Reached XP level 3. HP: 33/33 MP: 3/3
  1315 | D:2      | Found a stormy altar of Qazlal.
  1421 | D:2      | Became a worshipper of Qazlal Stormbringer
  1421 | D:2      | Reached * piety under Qazlal
  1421 | D:2      | Reached ** piety under Qazlal
  1466 | D:2      | Reached skill level 5 in Axes
  1495 | D:2      | Noticed Sigmund
  1898 | D:2      | Slain by Sigmund

Skill      XL: |  1  2  3 |
---------------+----------+-----
Armour         | 1 |  1.5
Fighting       | 4 |  4.2
Axes           | 5 |  5.2
Dodging        | |  2.4
Stealth        | |  1.5

Action                   || total
-------------------------++-------
Melee: Hand axe          ||   107
Throw: Stone             ||     2
 Stab: Sleeping          ||     3
  Eat: Chunk             ||     2
Armor: Robe              ||    32
Dodge: Dodged            ||    94
Block: Other             ||     8
